 Dungeon Crawl Stone Soup version 0.28.0-45-g0d030f2227 (webtiles) character file.

Game seed: 17371591381328141621

28396 protoss039 the Eclecticist (level 13, -9/74 HPs)
             Began as a Deep Elf Air Elementalist on Apr 1, 2022.
             Was an Elder of Sif Muna.
             Killed by an exploding ball lightning (20 damage)
             ... on level 13 of the Dungeon.
             The game lasted 01:00:53 (21142 turns).

protoss039 the Eclecticist (DEAE)                  Turns: 21142, Time: 01:00:53

Health: -9/74      AC: 16    Str:  5    XL:     13   Next: 9%
Magic:  20/35      EV: 13    Int: 32    God:    Sif Muna [****..]
Gold:   1343       SH:  0    Dex: 17    Spells: 20/44 levels left

rFire   . . .      SeeInvis +   T - +9 long sword of Ointment {speed, Contam +Blink rC+ Dex+2}
rCold   + . .      Faith    .   (no shield)
rNeg    . . .      Spirit   .   s - +4 steam dragon scales
rPois   .          Reflect  .   c - +2 hat {SInv}
rElec   .          Harm     .   r - +2 cloak
rCorr   .          Rampage  .   x - +0 pair of gloves
Will    +....                   h - +0 pair of boots
Stlth   ++........              L - amulet of regeneration
HPRegen 1.02/turn               E - +6 ring of intelligence
MPRegen 0.24/turn               e - +4 ring of protection

@: corroded, very slightly contaminated
A: no striking features
a: Renounce Religion, Evoke Blink, Channel Magic, Forget Spell, Divine Exegesis


You were on level 13 of the Dungeon.
You worshipped Sif Muna.
Sif Muna was greatly pleased with you.
You visited 2 branches of the dungeon, and saw 14 of its levels.
You also visited: Bailey.

You collected 1343 gold pieces.

Inventory:

Hand Weapons
 J - a +3 scimitar of flaming
 T - the +9 long sword of Ointment (weapon) {speed, Contam +Blink rC+ Dex+2}
   (You found it on level 10 of the Dungeon)

   Attacks with this weapon are significantly faster.
   Dex:       It affects your dexterity (+2).
   rC:        It protects you from cold.
   +Blink:    It lets you blink.
   Contam:    It causes magical contamination when unequipped.
Missiles
 O - 3 throwing nets
Armour
 c - a +2 hat of see invisible (worn)
 h - a +0 pair of boots (worn)
 r - a +2 cloak (worn)
 s - +4 steam dragon scales (worn)
 x - a +0 pair of gloves (worn)
 Q - a +1 robe of positive energy
Magical Staves
 F - a staff of poison
 N - a staff of conjuration
Jewellery
 e - a +4 ring of protection (right hand)
 g - a ring of positive energy
 E - a +6 ring of intelligence (left hand)
 L - an amulet of regeneration (around neck)
 R - a ring of protection from fire
 U - a ring of ice
Wands
 p - a wand of digging (15)
 u - a wand of polymorph (2)
 v - a wand of iceblast (25)
 G - a wand of flame (24)
 S - a wand of mindburst (5)
Scrolls
 a - a scroll of vulnerability {unknown}
 b - 2 scrolls of acquirement {unknown}
 j - a scroll of holy word {unknown}
 m - 4 scrolls of immolation
 n - 3 scrolls of teleportation
 o - 5 scrolls of enchant weapon
 q - a scroll of amnesia {unknown}
 t - 4 scrolls of blinking {unknown}
 w - 2 scrolls of fear {unknown}
 z - a scroll of silence {unknown}
 D - 2 scrolls of magic mapping {unknown}
 H - a scroll of fog {unknown}
Potions
 d - a potion of invisibility
 f - 6 potions of lignification
 i - 2 potions of brilliance
 k - a potion of resistance
 l - 9 potions of flight
 A - a potion of cancellation {unknown}
 B - 8 potions of curing
 C - 2 potions of might
 I - 2 potions of magic
 M - a potion of attraction {unknown}
 P - a potion of mutation
Miscellaneous
 y - a tin of tremorstones (2/2)
 K - a box of beasts


   Skills:
 * Level 5.9 Fighting
 - Level 0.3(2.0) Short Blades
 - Level 2.9(3.0) Long Blades
 - Level 3.0 Dodging
 - Level 3.0 Stealth
 + Level 16.2 Spellcasting
 + Level 7.9 Conjurations
 - Level 3.0 Hexes
 - Level 3.0 Transmutations
 - Level 3.0 Ice Magic
 + Level 12.0 Air Magic
 - Level 3.0 Earth Magic
 - Level 3.0 Poison Magic
 * Level 8.2 Invocations


You had 20 spell levels left.
You knew the following spells:

 Your Spells              Type           Power      Damage    Failure   Level
a - Shock                 Conj/Air       100%       1d9       1%          1
b - Static Discharge      Conj/Air       74%        N/A       1%          2
c - Swiftness             Air            80%        N/A       1%          3
d - Airstrike             Air            40%        N/A       1%          4
e - Ensorcelled Hibernat  Hex/Ice        90%        N/A       1%          2
f - Passwall              Tmut/Erth      37%        N/A       1%          2
g - Olgreb's Toxic Radia  Pois           45%        N/A       4%          4
h - Conjure Ball Lightni  Conj/Air       37%        3x3d12    4%          6

Your spell library contained the following spells:

 Spells                   Type           Power      Damage    Failure   Level
 Sting                    Tmut/Pois      100%       1d8       1%          1
 Poisonous Vapours        Pois/Air       100%       N/A       1%          2
 Searing Ray              Conj           100%       2d8       1%          2
 Dazzling Flash           Conj/Hex       100%       N/A       1%          3
 Ozocubu's Armour         Ice            45%        N/A       1%          3
 Spider Form              Tmut/Pois      45%        N/A       1%          3
 Iskenderun's Mystic Bla  Conj/Tloc      51%        2d11      3%          4
 Anguish                  Hex/Necr       17%        N/A       9%          4
 Starburst                Conj/Fire      25%        6d8       43%         6
 Spellforged Servitor     Conj/Summ      25%        N/A       95%         7
 Ozocubu's Refrigeration  Ice            22%        4d9       99%         7
 Lehudib's Crystal Spear  Conj/Erth      28%        10d8      100%        8


Dungeon Overview and Level Annotations

Branches:
Dungeon (13/15)            Temple (1/1) D:7            Lair (0/6) D:11
    Orc (0/2) D:11         Vaults (0/5) D:13         Bailey (visited)

Altars:
Ashenzari
Cheibriados
Dithmenos
Elyvilon
Fedhas
Gozag
Hepliaklqana
Kikubaaqudgha
Makhleb
Nemelex Xobeh
Okawaru
Qazlal
Ru
Sif Muna
Trog
Uskayaw
Vehumet
Wu Jian
Xom
Yredelemnul
Zin
The Shining One
Jiyva

Shops:
D:6 *

Annotations:
D:4 1 runed translucent door
D:10 Snorg


Message History

The blast of lightning engulfs your ball lightning.
Your ball lightning completely resists.
The blast of lightning engulfs the acid blob!
The acid blob is moderately wounded.
The blast of lightning engulfs you! The acid blob spits acid at you.
The splash of acid hits you!
Unknown command.
Unknown command.
Unknown command.
Unknown command.
Casting: Conjure Ball Lightning (dangerous; 4% risk of failure)
Confirm with . or Enter, or press ? or * to list all spells.
You create some ball lightning! 3 ball lightnings come into view.
You feel sick.
You are no longer poisoned.
Your ball lightning explodes!
The blast of lightning engulfs your ball lightning.
Your ball lightning completely resists.
The blast of lightning engulfs the acid blob!!
The acid blob is heavily wounded.
Unknown command.
Unknown command.
Unknown command.
Unknown command.
Your ball lightning explodes!
The blast of lightning engulfs your ball lightning.
Your ball lightning completely resists.
The blast of lightning engulfs you!!
* * * LOW HITPOINT WARNING * * *
The blast of lightning engulfs the acid blob!
The acid blob is severely wounded.
The blast of lightning engulfs your ball lightning.
Your ball lightning completely resists.
Your ball lightning explodes!
The blast of lightning engulfs your ball lightning.
Your ball lightning completely resists.
The blast of lightning engulfs you!!
You die...

........# #.#......#W#
........# #.#......#.#
........########.########.#
..........>...............#
#######..............###..#
#.......).J........##
#.........(....#####
#######..........*...#
................@.<..#
..........##########.#
########..# #.#
########..##########.#
.....................#
.....................#
...........###########
...........# ...........#


You could see an acid blob (ally target) and a friendly ball lightning.

Vanquished Creatures
  An acid blob (D:13)
  Gastronok (D:8)
  A quicksilver ooze (shapeshifter) (D:13)
  The ghost of namelastname112 the Summoner, a journeyman DrSu of Sif Muna (D:13)
  An ice dragon (D:13)
  A boulder beetle (D:12)
  Erica (D:8)
  A hydra (D:12)
  2 centaur warriors (D:13)
  A death knight (D:13)
  An iron troll (D:13)
  A skeletal warrior (D:13)
  Pikel (D:5)
  A cyclops (D:13)
  A shining eye (shapeshifter) (D:13)
  A manticore (D:11)
  Joseph (D:10)
  An eye of devastation (D:13)
  A gargoyle (D:13)
  4 komodo dragons
  3 kobold demonologists
  Psyche (D:9)
  2 freezing wraiths (D:13)
  A hornet (D:10)
  A troll (D:11)
  Prince Ribbit (D:8)
  7 slime creatures
  A shadow (D:9)
  Sigmund (D:5)
  4 wyverns
  6 yaks
  2 wraiths (D:10)
  A basilisk (D:11)
  A steam dragon (D:11)
  16 vampire mosquitoes
  A water moccasin (D:5)
  An acid dragon (D:13)
  7 orc warriors
  A sky beast (D:6)
  2 ice beasts (D:8)
  2 necrophages (D:8)
  4 ogres (D:11)
  12 centaurs
  A phantom (D:5)
  A lemure (D:5)
  22 kobold brigands
  6 gnoll sergeants
  A scorpion (D:5)
  2 wyvern zombies
  29 killer bees
  14 wights
  3 electric eels (D:10)
  6 howler monkeys
  2 centaur zombies
  A bullfrog zombie (D:4)
  4 hounds
  A gnoll shaman (D:4)
  2 jellies (D:6)
  5 orc priests
  Crazy Yiuf (D:2)
  A bullfrog skeleton (D:6)
  3 centaur skeletons
  A human skeleton (D:4)
  4 iguanas
  5 orc wizards
  3 killer bee zombies
  A hound skeleton (D:5)
  2 mummies (D:8)
  8 adders
  24 gnolls
  2 howler monkey skeletons
  2 white imps
  A worm (D:3)
  6 dart slugs
  31 orcs
  11 ball pythons
  3 bats
  9 endoplasms
  A giant cockroach (D:1)
  17 goblins
  6 hobgoblins
  7 jackals
  4 quokkas
  5 frilled lizards
  70 kobolds
  7 rats
  2 rat zombies (D:8)
439 creatures vanquished.

Vanquished Creatures (collateral kills)
  A ball lightning (D:13)
1 creature vanquished.

Vanquished Creatures (others)
  70 ball lightnings
  4 withered plants (D:8)
74 creatures vanquished.

Grand Total: 514 creatures vanquished

Notes
Turn   | Place    | Note
-------+----------+-------------------------------------------
     0 | D:1      | protoss039 the Deep Elf Air Elementalist began the quest
                  | for the Orb.
     0 | D:1      | Reached XP level 1. HP: 10/10 MP: 6/6
   536 | D:1      | Reached XP level 2. HP: 15/15 MP: 8/8
  1074 | D:1      | Found a faded altar of an unknown god.
  1168 | D:1      | Reached XP level 3. HP: 19/19 MP: 9/9
  1441 | D:1      | Learned a level 2 spell: Static Discharge
  1445 | D:1      | Learned a level 3 spell: Swiftness
  1921 | D:2      | Reached XP level 4. HP: 24/24 MP: 11/11
  2278 | D:2      | Found a runed translucent door.
  2279 | D:2      | Noticed Crazy Yiuf
  2355 | D:2      | Reached skill level 4 in Spellcasting
  2357 | D:2      | HP: 1/24 [quokka (1)]
  2799 | D:2      | Killed Crazy Yiuf
  2841 | D:2      | Learned a level 4 spell: Airstrike
  3024 | D:3      | Reached XP level 5. HP: 28/28 MP: 11/13
  3031 | D:3      | Noticed a necrophage
  3224 | D:3      | HP: 1/28 [orc priest/divine providence (16)]
  3499 | D:3      | Learned a level 2 spell: Ensorcelled Hibernation
  3910 | D:3      | Reached skill level 5 in Spellcasting
  4059 | D:4      | Reached XP level 6. HP: 29/32 MP: 8/16
  4557 | D:4      | Reached skill level 5 in Air Magic
  4622 | D:4      | Found an iron altar of Okawaru.
  4650 | D:4      | Found a runed translucent door.
  4650 | D:4      | Noticed a human
  4688 | D:4      | Found a basalt altar of Yredelemnul.
  4973 | D:5      | Entered Level 5 of the Dungeon
  5007 | D:4      | Reached skill level 6 in Spellcasting
  5303 | D:5      | Noticed Sigmund
  5305 | D:5      | Killed Sigmund
  5306 | D:5      | Reached XP level 7. HP: 36/36 MP: 7/19
  5425 | D:5      | Reached skill level 7 in Spellcasting
  5877 | D:5      | Noticed Pikel
  5888 | D:5      | Killed Pikel
  5889 | D:5      | Reached skill level 8 in Spellcasting
  5889 | D:5      | Reached XP level 8. HP: 29/41 MP: 10/22
  6092 | D:5      | Reached skill level 9 in Spellcasting
  6096 | D:5      | Reached skill level 5 in Conjurations
  6197 | D:5      | Found a bloodstained altar of Trog.
  6329 | D:5      | Found a shimmering altar of Xom.
  6508 | D:5      | Learned a level 2 spell: Passwall
  6694 | D:6      | Reached skill level 1 in Hexes
  6776 | D:6      | Reached skill level 1 in Transmutations
  6820 | D:6      | Reached skill level 1 in Ice Magic
  6820 | D:6      | Reached skill level 1 in Earth Magic
  7024 | D:6      | Found Javochol's General Store.
  7082 | D:6      | Found a snail-covered altar of Cheibriados.
  7128 | D:6      | Found a blossoming altar of Fedhas.
  7174 | D:6      | Reached skill level 1 in Fighting
  7174 | D:6      | Reached XP level 9. HP: 47/47 MP: 7/24
  8210 | D:7      | Found a sacrificial altar of Ru.
  8344 | D:7      | Found a broken altar of Ashenzari.
  8417 | D:7      | Reached skill level 10 in Spellcasting
  8512 | D:7      | Found a staircase to the Ecumenical Temple.
  8519 | Temple   | Entered the Ecumenical Temple
  8696 | Temple   | Became a worshipper of Sif Muna the Loreminder
  9695 | D:8      | Noticed Erica
  9722 | D:8      | Killed Erica
  9723 | D:8      | Reached skill level 1 in Invocations
  9744 | D:8      | Noticed Gastronok
  9748 | D:8      | Found a flagged portal.
  9833 | Bailey   | Entered a bailey
  9968 | Bailey   | Reached * piety under Sif Muna
 10131 | Bailey   | Reached XP level 10. HP: 54/54 MP: 12/26
 10592 | D:8      | Noticed Prince Ribbit
 10596 | D:8      | Killed Prince Ribbit
 10655 | D:8      | Reached skill level 11 in Spellcasting
 10771 | D:8      | Reached skill level 1 in Long Blades
 10821 | D:8      | Reached ** piety under Sif Muna
 11907 | D:8      | Killed Gastronok
 11908 | D:8      | Reached skill level 12 in Spellcasting
 12050 | D:9      | Reached XP level 11. HP: 21/60 MP: 19/29
 12260 | D:9      | Reached skill level 5 in Invocations
 12592 | D:9      | Reached skill level 10 in Air Magic
 12592 | D:9      | Reached *** piety under Sif Muna
 12985 | D:9      | Noticed Psyche
 12988 | D:9      | Killed Psyche
 13239 | D:9      | Learned a level 4 spell: Olgreb's Toxic Radiance
 13240 | D:10     | Entered Level 10 of the Dungeon
 13684 | D:10     | Reached skill level 1 in Poison Magic
 14046 | D:10     | Noticed Joseph
 14070 | D:10     | Killed Joseph
 14071 | D:10     | Reached skill level 13 in Spellcasting
 14411 | D:10     | Reached **** piety under Sif Muna
 14609 | D:10     | Identified the +9 long sword of Ointment {speed, Contam
                  | +Blink rC+ Dex+2}
 14953 | D:11     | Noticed Snorg
 15953 | D:11     | Found a staircase to the Orcish Mines.
 16405 | D:11     | Reached ***** piety under Sif Muna
 16405 | D:11     | Received a gift from Sif Muna
 16406 | D:11     | Got Sythru's Compendium of Attacks {god gift}
 16696 | D:11     | Reached skill level 14 in Spellcasting
 16752 | D:11     | Reached XP level 12. HP: 58/66 MP: 6/32
 17091 | D:11     | Found a staircase to the Lair.
 17337 | D:11     | Learned a level 6 spell: Conjure Ball Lightning
 17796 | D:12     | You fall into a shaft and drop 1 floor!
 17796 | D:13     | Noticed a death knight
 17809 | D:13     | Noticed a centaur warrior
 17878 | D:13     | Found a runed translucent gate.
 17879 | D:13     | Found a runed translucent gate.
 17880 | D:13     | Found a runed translucent gate.
 18652 | D:12     | Noticed a boulder beetle
 18661 | D:12     | Killed a boulder beetle
 18771 | D:12     | Noticed a four-headed hydra
 18784 | D:12     | Killed a four-headed hydra
 19040 | D:13     | Reached skill level 15 in Spellcasting
 19041 | D:13     | Reached skill level 5 in Fighting
 19142 | D:13     | Killed a centaur warrior
 19319 | D:13     | Noticed a centaur warrior
 19328 | D:13     | Killed a centaur warrior
 19716 | D:13     | Noticed a ghost moth
 19735 | D:13     | Noticed a spark wasp
 20100 | D:13     | Noticed an ice dragon
 20245 | D:13     | Noticed a five-headed hydra
 20250 | D:13     | a five-headed hydra changed into a tyrant leech
 20251 | D:13     | Noticed a radroach
 20251 | D:13     | a tyrant leech changed into a radroach
 20254 | D:13     | Noticed a quicksilver ooze
 20254 | D:13     | a radroach changed into a quicksilver ooze
 20256 | D:13     | Killed a quicksilver ooze
 20270 | D:13     | Killed an ice dragon
 20448 | D:13     | Noticed an acid blob
 20539 | D:13     | Noticed an acid blob
 20539 | D:13     | Noticed namelastname112's ghost (journeyman DrSu)
 20541 | D:13     | Noticed an acid blob
 20541 | D:13     | Noticed an acid blob
 20541 | D:13     | Noticed an acid blob
 20543 | D:13     | Noticed an acid blob
 20591 | D:13     | Found a gate to the Vaults.
 20639 | D:13     | Found a viscous altar of Jiyva.
 20677 | D:13     | Killed a death knight
 20678 | D:13     | Reached skill level 16 in Spellcasting
 20982 | D:13     | Killed an acid blob
 20983 | D:13     | Reached XP level 13. HP: 45/74 MP: 10/35
 21000 | D:13     | Killed namelastname112's ghost
 21142 | D:13     | Killed by an exploding ball lightning

Illustrated notes

Levels and vault maps discovered:
D:1:      lightli_arrival_maybe_door_vault, layout_loops_ring,
          hellmonk_ecumenical_altar_heavens_door
D:2:      layout_basic, minmay_puff, uniq_crazy_yiuf_cottage
D:3:      layout_rooms
D:4:      layout_cave_pools, okawaru_altar_gauntlet_db, dk_yredelemnul_ordeal,
          minivault_25, grunt_ministairs_2, due_unseen_surprise
D:5:      layout_rooms, trog_book, amcnicky_altar_gilded, minmay_misc_feat_tiny,
          uniq_pikel, uniq_sigmund
D:6:      layout_basic, kennysheep_mini, kennysheep_little_box, serial_glass,
          glass_columns_a, glass_columns_a, serial_shops, shop_fountains,
          minmay_door_square
D:7:      layout_loops_ring, lemuel_tele_altar, nicolae_ru_awakened_eye,
          temple_hall_moat
D:8:      layout_rooms, enter_ossuary_4, enter_bailey_3, special_room
          [special_room_kobold], serial_undead, serial_undead_f,
          serial_undead_c, serial_undead_c, serial_undead_b, serial_undead_c,
          uniq_gastronok, uniq_erica, uniq_prince_ribbit1
D:9:      layout_irregular_city, uniq_psyche
D:10:     layout_basic, minivault_22, uniq_joseph
D:11:     nicolae_cairo_tiling, layout_rooms, erik_lair_dragon,
          kennysheep_orc_monster_closet_entryway, uniq_snorg
D:12:     layout_roguey
D:13:     layout_long_grid, david_vaults_4, gammafunk_ghost_ooze,
          gauntlet_entry_generic
Temple:   eino_narrow_crystal_temple

Skill      XL: |  1  2  3  4  5  6  7  8  9 10 11 12 |
---------------+-------------------------------------+-----
Stealth        | 3 |  3.0
Dodging        | 3 |  3.0
Air Magic      | 4 5 7 8 9 10 12 | 12.0
Spellcasting   | 4 5 6 8 9 10 12 14 16 | 16.2
Conjurations   | 2 3 4 5 6 7 |  7.9
Hexes          | 1 3 |  3.0
Transmutations | 1 3 |  3.0
Ice Magic      | 1 3 |  3.0
Earth Magic    | 1 3 |  3.0
Fighting       | 1 2 3 4 5 |  5.9
Invocations    | 1 4 6 8 |  8.2
Long Blades    | 2 |  2.9
Poison Magic   | 3 |  3.0
Short Blades   | |  0.3

Action                   |  1- 3 |  4- 6 |  7- 9 | 10-12 | 13-15 || total
-------------------------+-------+-------+-------+-------+-------++-------
Melee: Dagger            |   114 |    37 |    44 |     1 |       ||   196
       Unarmed           |     4 |       |       |       |       ||     4
       Staff             |       |       |     2 |    15 |       ||    17
       Punch             |       |       |     1 |     2 |       ||     3
       Scimitar          |       |       |       |   118 |       ||   118
 Cast: Shock             |    15 |   109 |   208 |   146 |       ||   478
       Static Discharge  |     4 |    22 |    46 |   112 |       ||   184
       Airstrike         |       |     6 |    30 |   130 |       ||   166
       Swiftness         |       |     1 |     4 |    19 |       ||    24
       Olgreb's Toxic Ra |       |       |       |    48 |       ||    48
       Conjure Ball Ligh |       |       |       |    25 |     4 ||    29
Evoke: Wand              |       |     1 |     4 |       |       ||     5
  Use: Potion            |       |     3 |     3 |       |       ||     6
       Scroll            |       |     5 |     2 |    14 |       ||    21
 Stab: Sleeping          |     9 |     3 |       |     3 |       ||    15
       Distracted        |     1 |       |       |       |       ||     1
Armor: Robe              |    69 |    23 |    31 |    78 |       ||   201
       Skin              |       |       |     5 |       |       ||     5
       Steam dragon scal |       |       |       |    45 |       ||    45
Dodge: Dodged            |    95 |    55 |    87 |   225 |       ||   462
